 Dungeon Crawl Stone Soup version 0.31-a0-319-g4fced400ed (webtiles) character file.

Game seed: 15758434427950630372

179 Monkooky the Ruffian (level 5, -11/48 HPs)
             Began as a Troll Shapeshifter on July 17, 2023.
             Mangled by an ogre
             ... wielding a +0 giant spiked club
              (30 damage)
             ... on level 4 of the Dungeon.
             The game lasted 00:02:50 (2862 turns).

Monkooky the Ruffian (Troll Shapeshifter)           Turns: 2862, Time: 00:02:50

Health: -11/48     AC:  4    Str: 25    XL:     5   Next: 32%
Magic:  4/4        EV:  9    Int:  4    God:
Gold:   248        SH:  0    Dex: 10    Spells: 4/4 levels left

rFire   . .          .
                       - Unarmed
rCold   . . .        (no shield)
rNeg    . . .        a - +0 animal skin
rPois   .            (helmet currently unavailable)
rElec   .            (cloak currently unavailable)
rCorr   .            (gloves unavailable)
SInv    .            (boots unavailable)
Will    .....        (no amulet)
Stlth   +            (no ring)
HPRegen 1.08/turn    (no ring)
MPRegen 0.09/turn

%: no passive effects
@: beast-form
A: beast (slay +2), large, unfitting armour, claws 3, regeneration 1, shaggy fur
1, tough skin 1
a: Begin Untransformation


You were on level 4 of the Dungeon.
You were a hulking beast.
You visited 1 branch of the dungeon, and saw 4 of its levels.

You collected 248 gold pieces.

Inventory:

Missiles
 i - 8 poisoned darts
Armour
 a - a +0 animal skin (worn)
 s - a +0 cloak
Jewellery
 l - an amulet of magic regeneration
 r - a ring of ice
Talismans
 c - a beast talisman
Wands
 o - a wand of roots (11)
Scrolls
 d - a scroll of immolation
 f - a scroll of fear
 g - 2 scrolls of amnesia {unknown}
 h - a scroll of fog {unknown}
 m - a scroll of butterflies {unknown}
 n - 2 scrolls of vulnerability {unknown}
 p - 5 scrolls of identify
 t - a scroll of enchant armour {unknown}
Potions
 b - 2 potions of lignification
 e - a potion of might
 j - a potion of magic {unknown}
 k - 4 potions of curing {unknown}
 q - 2 potions of enlightenment {unknown}
 u - a potion of attraction {unknown}


   Skills:
 - Level 1.5 Fighting
 - Level 1.5 Dodging
 + Level 5.6 Unarmed Combat
 - Level 3.0 Shapeshifting


You had 4 spell levels left.
You didn't know any spells.
Your spell library contained the following spells:

 Spells                   Type           Power      Damage    Failure   Level
 Slow                     Hex            0%         N/A       50%         1
 Confusing Touch          Hex            0%         N/A       86%         3
 Vampiric Draining        Necr           0%         2d6       86%         3


Dungeon Overview and Level Annotations

Branches:
Dungeon (4/15)
 Temple: D:4-7

Altars:
Vehumet


Innate Abilities, Weirdness & Mutations

You are a hulking beast.
Your limbs bulge with bestial killing power. (Slay +2)
You are too large for most types of armour.
You have claws for hands.
Your natural rate of healing is unusually fast.
You are covered in fur. (AC +1)
You have tough skin. (AC +1)


Message History

Things that are here:
a +0 mace; a +0 leather armour You now have 205 gold pieces (gained 6).
You now have 221 gold pieces (gained 16).
Found an escape hatch in the ceiling.
There is an escape hatch in the ceiling here.
Found a stone staircase leading down.
You now have 237 gold pieces (gained 16).
b - 2 potions of lignification (gained 1)
k - 4 fizzy ruby potions (gained 1)
p - 5 scrolls of identify (gained 3)
You now have 248 gold pieces (gained 11).
i - 8 poisoned darts (gained 3) No target in view!
An ogre comes into view. It is wielding a +0 giant spiked club.
The ogre shouts!
An ogre is nearby!
A giant cockroach comes into view.
The ogre hits you with a +0 giant spiked club!!
You mangle the ogre!!
The ogre is severely wounded.
The ogre hits you with a +0 giant spiked club!
You are too injured to fight recklessly!
You are too injured to fight recklessly!
You are too injured to fight recklessly!
You are too injured to fight recklessly!
You are too injured to fight recklessly!
You are too injured to fight recklessly!
You are too injured to fight recklessly!
You are too injured to fight recklessly!
You are too injured to fight recklessly!
You are too injured to fight recklessly!
You are too injured to fight recklessly!
You closely miss the ogre.
The ogre is severely wounded.
You claw the ogre!
The ogre is almost dead.
The ogre hits you with a +0 giant spiked club!!
Ouch! That really hurt!
You die...

#.# ......#.##..... #.
###.###......##
#..........#
#####...⌠..## #.......#
# #.......# #.#.#
#.##....#
#....##########.###..##
#..BOh.........# ##.#
#...###############.#
#.# #.........# #.
#.######### #.# ###


You could see an ogre and a giant cockroach.

Vanquished Creatures
  Crazy Yiuf (D:3)
  An iguana (D:4)
  3 gnolls (D:3)
  2 adders
  4 worms (D:2)
  A dart slug (D:2)
  5 orcs
  6 endoplasms
  3 giant cockroaches
  6 goblins
  6 hobgoblins
  6 kobolds
  3 quokkas
  7 ball pythons
  3 bats
  4 rats
61 creatures vanquished.

Notes
Turn   | Place    | Note
-------+----------+-------------------------------------------
     0 | D:1      | Monkooky the Troll Shapeshifter began the quest for the
                  | Orb.
     0 | D:1      | Reached XP level 1. HP: 19/19 MP: 0/0
   229 | D:1      | Reached XP level 2. HP: 26/27 MP: 1/1
   474 | D:1      | Reached skill level 3 in Unarmed Combat
  1090 | D:2      | Found a radiant altar of Vehumet.
  1131 | D:2      | Reached XP level 3. HP: 33/33 MP: 2/2
  1398 | D:2      | Reached skill level 4 in Unarmed Combat
  1677 | D:3      | Reached XP level 4. HP: 36/41 MP: 3/3
  2014 | D:3      | Found a runed translucent door.
  2015 | D:3      | Noticed Crazy Yiuf
  2021 | D:3      | Killed Crazy Yiuf
  2022 | D:3      | Reached skill level 5 in Unarmed Combat
  2089 | D:3      | Reached XP level 5. HP: 48/48 MP: 4/4
  2856 | D:4      | Noticed an ogre
  2862 | D:4      | Mangled by an ogre

Illustrated notes

Levels and vault maps discovered:
D:1:      minmay_arrival_stone_box, layout_basic, minmay_shallow_snake_nest
D:2:      layout_basic, basic_altar, solitary_fountain, corexii_shack,
          roderic_lattice_a, kennysheep_potato
D:3:      layout_basic, minmay_puff, uniq_crazy_yiuf_cottage
D:4:      layout_loops_ring, gammafunk_temple_overflow_statue,
          ebering_ghost_gozag, solitary_fountain, minmay_small_thing

Skill      XL: |  1  2  3  4 |
---------------+-------------+-----
Unarmed Combat | 3 4 5 |  5.6
Fighting       | |  1.5
Dodging        | |  1.5
Shapeshifting  | |  3.0

Action                     |  1- 3 |  4- 6 || total
---------------------------+-------+-------++-------
  Melee: Unarmed           |    84 |    48 ||   132
         Punch             |     1 |     1 ||     2
    Use: Scroll            |     3 |       ||     3
 Armour: Animal skin       |    18 |     7 ||    25
  Dodge: Dodged            |    24 |    23 ||    47
         Form:             |     1 |       ||     1
         Beast             |     1 |       ||     1

Table legend: (Time is in decaauts)
 A = Elapsed time spent in this place.
 B = Non-inter-level travel time spent in this place.
 C = Inter-level travel time spent in this place.
 D = Time resting spent in this place.
 E = Time spent auto-exploring this place.
 F = Levels seen in this place.
 G = Mean time per level.
                   A        B        C        D        E       F      G
               +--------+--------+--------+--------+--------+-----+--------+
         Total |   2852 |   2704 |    148 |      0 |   2332 |   4 |  713.0 |
       Dungeon |   2852 |   2704 |    148 |      0 |   2332 |   4 |  713.0 |
               +--------+--------+--------+--------+--------+-----+--------+

Top non-repeatable levels by time:
     D:3: 933 daAuts
     D:2: 909 daAuts
     D:1: 653 daAuts
     D:4: 355 daAuts
